 Dungeon Crawl Stone Soup version 0.16-a0-1794-gf7beed7 (webtiles) character file.

16444 wvc the Devastator (level 12, -2/62 HPs)
             Began as a Deep Elf Conjurer on Nov 1, 2014.
             Was a High Priest of Vehumet.
             Killed from afar by Nergalle (27 damage)
             ... with a bolt of negative energy
             ... on level 3 of the Lair of Beasts on Nov 2, 2014.
             The game lasted 01:14:18 (16030 turns).

wvc the Devastator (Deep Elf Conjurer)             Turns: 16030, Time: 01:14:18

Health: -2/62      AC: 16    Str:  7    XL:     12   Next: 10%
Magic:  17/29      EV: 11    Int: 32    God:    Vehumet [*****.]
Gold:   176        SH:  5    Dex: 15    Spells: 6 memorised, 2 levels left

rFire  . . .     SeeInvis .     h - +5 scimitar (flame)
rCold  . . .     Clarity  .     W - +4 ring mail of the Gardener {+Rage Str+2 Int+3}
rNeg   . . .     SustAb   .     G - +0 buckler
rPois  .         Gourm    .     T - +2 helmet
rElec  .         Spirit   .     (no cloak)
rCorr  .         Warding  .     M - +1 pair of gloves
rMut   .         Stasis   .     K - +1 pair of boots
MR     +++..                    (no amulet)
Stlth  +.........               s - ring of the Mage {Wiz MR++ Int+3}
                                i - +3 ring of evasion

@: heavily drained, extremely resistant to hostile enchantments, very unstealthy
A: no striking features
a: Renounce Religion, Evoke Berserk Rage


You were on level 3 of the Lair of Beasts.
You worshipped Vehumet.
Vehumet was extremely pleased with you.
You were full.

You visited 3 branches of the dungeon, and saw 15 of its levels.

You collected 823 gold pieces.
You spent 647 gold pieces at shops.

Inventory:

Hand weapons
 h - a +5 scimitar of flaming (weapon)
 j - a +1 dagger of venom
 J - a +1 scimitar of freezing
Missiles
 f - 14 stones (quivered)
Armour
 r - a +1 robe of resistance
 G - a +0 buckler (worn)
 K - a +1 pair of boots (worn)
 M - a +1 pair of gloves (worn)
 S - a troll hide
 T - a +2 helmet (worn)
 W - the +4 ring mail of the Gardener (worn) {+Rage Str+2 Int+3}
   (You found it on level 11 of the Dungeon)

   It affects your strength (+2).
   It affects your intelligence (+3).
   It lets you go berserk.
Jewellery
 i - a +3 ring of evasion (left hand)
 k - a +3 ring of protection
 s - the ring of the Mage (right hand) {Wiz MR++ Int+3}
   (You bought it in a shop on level 4 of the Dungeon)

   [ring of wizardry]

   It improves your spell success rate.
   It affects your intelligence (+3).
   It affects your resistance to hostile enchantments.
 F - an uncursed ring of ice
 L - an uncursed ring of poison resistance
 N - an uncursed ring of positive energy
Magical devices
 p - a wand of heal wounds (4)
 v - a wand of fire (10)
 z - a wand of fireball (3)
 A - a wand of digging (7)
 D - a wand of paralysis (13)
 Q - a wand of invisibility (3)
 R - a wand of enslavement (17)
 V - a wand of flame (19)
Scrolls
 a - a scroll of fog
 e - a scroll of immolation
 l - a scroll of holy word
 n - 3 scrolls of remove curse
 t - a scroll of amnesia
 y - a scroll of identify
 I - a scroll of recharging
 Y - 2 scrolls of magic mapping
 Z - a scroll of teleportation
Potions
 g - a potion of might
 m - 7 potions of heal wounds
 o - a potion of restore abilities
 q - a potion of haste
 u - a potion of magic {unknown}
 x - a potion of berserk rage
 B - a potion of cancellation
 C - a potion of flight
 E - 6 potions of curing
 H - a potion of mutation
 O - a potion of brilliance
Books
 c - a book of Conjurations

   Spells                             Type                      Level
   *Magic Dart                        Conjuration                  1
   *Searing Ray                       Conjuration                  2
   *Dazzling Spray                    Conjuration/Hexes            3
   Fulminant Prism                    Conjuration/Hexes            4
   Iskenderun's Mystic Blast          Conjuration                  4
   *Iskenderun's Battlesphere         Conjuration/Charms           5
 w - a book of Wizardry

   Spells                             Type                      Level
   Agony                              Necromancy                   5
   *Force Lance                       Conjuration                  5
   Dispersal                          Translocation                6
   Haste                              Charms                       6
   Invisibility                       Hexes                        6
   Spellforged Servitor               Conjuration/Summoning        7
 U - a Fen Folio

   Spells                             Type                      Level
   Corpse Rot                         Necromancy                   2
   Stone Arrow                        Conjuration/Earth            3
   Leda's Liquefaction                Hexes/Earth                  4
   Summon Forest                      Summoning/Translocation      5
   Hydra Form                         Transmutation                6
   Summon Hydra                       Summoning                    7
Comestibles
 b - 4 bread rations
 P - 2 meat rations


   Skills:
 + Level 2.2(0.6) Fighting
 + Level 2.2(0.7) Armour
 + Level 7.0(5.2) Dodging
 - Level 2.7(1.2) Stealth
 - Level 5.9(4.2) Shields
 + Level 5.9(4.2) Spellcasting
 * Level 15.7(13.5) Conjurations
 + Level 2.1(0.5) Hexes
 + Level 10.9(9.0) Charms
 + Level 0.2(0.0) Fire Magic
 + Level 0.5(0.0) Evocations


You had 2 spell levels left.
You knew the following spells:

 Your Spells              Type           Power        Failure   Level  Hunger
a - Magic Dart            Conj           ####         1%          1    None
b - Searing Ray           Conj           ######       1%          2    None
c - Dazzling Spray        Conj/Hex       ######..     1%          3    #......
d - Iskenderun's Battles  Conj/Chrm      ######..     1%          5    #####..
e - Sticky Flame          Conj/Fire      ######..     1%          4    ###....
f - Force Lance           Conj           #######.     1%          5    #####..


Dungeon Overview and Level Annotations

Branches:
Dungeon (11/15)            Temple (1/1) D:6             Orc (0/4) D:10
   Lair (3/8) D:11
  Swamp: Lair:3-6    Shoals: Lair:3-6     Snake: Lair:3-6    Spider: Lair:3-6

Altars:
Ashenzari
Cheibriados
Dithmenos
Elyvilon
Fedhas
Gozag
Kikubaaqudgha
Makhleb
Nemelex Xobeh
Okawaru
Qazlal
Ru
Sif Muna
Trog
Vehumet
Xom
Yredelemnul
Zin
The Shining One

Shops:
D:4 (=   D:8 }   D:9 !%*!(   D:11 [?(

Annotations:
Lair:3 Nergalle


Message History

The spectral orc warrior closely misses you.
The spectral orc hits you but does no damage.
You block the spectral orc's attack.
Casting: Magic Dart
Confirm with . or Enter, or press ? or * to list all spells.
Aiming: Magic Dart
Press: ? - help, Shift-Dir - straight line, f/p - Nergalle
Aim: Nergalle, wielding a dagger and wearing a robe (heavily wounded)
The magic dart hits Nergalle.
Nergalle is heavily wounded.
Your surroundings suddenly seem different.
Found 15 sling bullets.
You start resting.
Eat which item? (? for menu, Esc to quit)
You continue eating. x2
Nergalle says, "THAT's why.
How awful.
You!"
You finish eating.
That meat ration really hit the spot!
Nergalle points at you and mumbles some strange words.
The bolt of negative energy hits you!
You feel drained.
You die...

###.# #.....#P.....#......##..#
.##.# ##P####.....#.####.#..##
....# #.....#.#.#.##..P#
.....#########...............##
.......<......................#
............o................##
..........ZZ.................#
P............Z..*............#
.##.............@..P##P.#.P..#
##.....#.####...<..#####.###.
.#....#.## ##........ ..
##....## .......##?.... ≈....
........# .. . ...#......
##....(.+. ##.....## ...


You could see Nergalle, a spectral orc, a spectral orc warrior and a spectral
orc warlord.

Vanquished Creatures
  Fannar (Lair:2)
  Erica (Lair:2)
  Pikel (D:8)
  A hill giant (D:8)
  An elephant (D:11)
  A black mamba (Lair:1)
  2 komodo dragons
  A spiny frog (Lair:2)
  3 trolls
  4 polar bears
  2 two-headed ogres (D:11)
  5 blink frogs (Lair:2)
  8 yaks
  A shadow (D:11)
  2 wyverns
  2 hippogriffs
  3 hungry ghosts
  A wolf (D:11)
  A hill giant skeleton (D:11)
  A human (D:10)
  A porcupine (Lair:2)
  A soldier ant (D:11)
  2 sky beasts
  A yellow wasp (D:8)
  4 ice beasts
  2 slaves (D:8)
  A black bear (D:11)
  2 necrophages
  A water moccasin (Lair:2)
  10 ogres
  4 orc warriors
  4 eyes of draining
  2 phantoms (D:10)
  5 centaurs
  6 crocodiles
  The ghost of timbw the Conjurer, an average TeCj of Sif Muna (D:6)
  8 giant frogs
  A cyclops skeleton (D:8)
  5 scorpions
  4 wights
  A hippogriff skeleton (D:10)
  3 crimson imps
  A quasit (D:11)
  A centaur zombie (D:5)
  3 electric eels
  A giant frog skeleton (D:11)
  8 orc priests
  A gnoll shaman (D:7)
  4 goliath beetles
  4 hounds
  A wyvern simulacrum (D:11)
  A centaur skeleton (D:7)
  Natasha (thrice) (D:5)
  7 iguanas
  A troll simulacrum (D:11)
  A two-headed ogre skeleton (D:10)
  6 worker ants
  7 orc wizards
  A killer bee zombie (D:5)
  Jessica (D:2)
  An ogre zombie (D:11)
  22 gnolls
  19 adders
  8 green rats (Lair:2)
  4 shadow imps
  4 giant mites
  A steam dragon skeleton (D:7)
  A worker ant simulacrum (D:11)
  3 white imps (D:11)
  5 worms
  An ufetubus (D:11)
  An adder zombie (D:8)
  An iguana skeleton (D:10)
  2 adder skeletons (D:4)
  6 giant geckos
  3 oozes
  32 orcs
  18 bats
  6 giant cockroaches
  16 hobgoblins
  8 jackals
  10 quokkas
  2 ball pythons
  4 giant newts
  15 goblins
  15 kobolds
  20 rats
  A spectral orc (Lair:3)
392 creatures vanquished.

Vanquished Creatures (others)
  A giant frog (D:8)
  A hound (D:8)
  A plant (Lair:2)
3 creatures vanquished.

Grand Total: 395 creatures vanquished

Notes
Turn   | Place    | Note
--------------------------------------------------------------
     0 | D:1      | wvc, the Deep Elf Conjurer, began the quest for the Orb.
     0 | D:1      | Reached XP level 1. HP: 10/10 MP: 5/5
   229 | D:1      | Reached XP level 2. HP: 15/15 MP: 4/8
   233 | D:1      | Learned a level 2 spell: Searing Ray
   306 | D:1      | Reached skill level 5 in Conjurations
  1078 | D:2      | Reached XP level 3. HP: 19/19 MP: 2/10
  1381 | D:2      | Found a shattered altar of Ashenzari.
  1485 | D:2      | Noticed Jessica
  1490 | D:2      | Killed Jessica
  1490 | D:2      | Reached skill level 6 in Conjurations
  1490 | D:2      | Reached XP level 4. HP: 16/24 MP: 7/13
  1568 | D:2      | Found a sacrificial altar of Ru.
  1615 | D:2      | Learned a level 3 spell: Dazzling Spray
  1780 | D:3      | Found a radiant altar of Vehumet.
  1790 | D:3      | Became a worshipper of Vehumet
  1988 | D:3      | Reached XP level 5. HP: 28/28 MP: 11/16
  2499 | D:3      | Learned a level 5 spell: Iskenderun's Battlesphere
  2507 | D:3      | Reached skill level 7 in Conjurations
  2941 | D:4      | Acquired Vehumet's first power
  2941 | D:4      | Offered knowledge of Sandblast by Vehumet.
  2956 | D:4      | Reached skill level 1 in Charms
  3071 | D:3      | Noticed a centaur
  3074 | D:3      | Killed a centaur
  3074 | D:3      | Reached XP level 6. HP: 19/32 MP: 17/20
  3598 | D:4      | Reached skill level 5 in Charms
  3693 | D:4      | Found Phoifuat's Antique Weapon Shoppe.
  3708 | D:4      | Found Xerghaoth's Jewellery Shop.
  3828 | D:4      | Offered knowledge of Shock by Vehumet.
  3964 | D:5      | Entered Level 5 of the Dungeon
  3967 | D:5      | Reached XP level 7. HP: 33/36 MP: 18/21
  4082 | D:5      | Noticed Natasha
  4101 | D:5      | Killed Natasha
  4155 | D:5      | Noticed Natasha
  4161 | D:5      | Killed Natasha
  4580 | D:5      | Found a glowing silver altar of Zin.
  4580 | D:5      | Noticed an angel
  4627 | D:5      | Reached skill level 8 in Charms
  4743 | D:5      | Reached XP level 8. HP: 34/42 MP: 14/23
  4767 | D:5      | Noticed Natasha
  4767 | D:5      | Killed Natasha
  4767 | D:5      | Offered knowledge of Inner Flame by Vehumet.
  4772 | D:5      | Learned a level 3 spell: Inner Flame
  4805 | D:5      | Found a basalt altar of Yredelemnul.
  5404 | D:6      | Reached skill level 9 in Conjurations
  5405 | D:6      | Acquired Vehumet's second power
  5500 | D:6      | Noticed timbw's ghost (average TeCj)
  5507 | D:6      | Killed timbw's ghost
  5673 | D:6      | Reached skill level 1 in Fighting
  5771 | D:6      | Found a staircase to the Ecumenical Temple.
  5791 | D:6      | Offered knowledge of Stone Arrow by Vehumet.
  5791 | D:6      | Reached skill level 10 in Conjurations
  5870 | Temple   | Entered the Ecumenical Temple
  6378 | D:6      | Found a burning altar of Makhleb.
  6554 | D:7      | Reached XP level 9. HP: 47/47 MP: 18/24
  6568 | D:7      | Acquired Vehumet's third power
  6649 | D:7      | Reached skill level 1 in Shields
  6654 | D:7      | Offered knowledge of Sticky Flame by Vehumet.
  7036 | D:7      | Found a snail-covered altar of Cheibriados.
  7454 | D:7      | Learned a level 4 spell: Sticky Flame
  7486 | D:8      | Found a stormy altar of Qazlal.
  7611 | D:8      | Found Ruxzalun's Gadget Shoppe.
  7847 | D:8      | Noticed Pikel
  7852 | D:8      | Killed Pikel
  7852 | D:8      | Reached skill level 5 in Shields
  7879 | D:8      | Reached skill level 11 in Conjurations
  8243 | D:8      | Reached XP level 10. HP: 50/52 MP: 13/25
  8340 | D:8      | Noticed a hill giant
  8346 | D:8      | Killed a hill giant
  8493 | D:8      | Reached skill level 12 in Conjurations
  8540 | D:9      | Found Vaxtonag's Distillery.
  8570 | D:9      | Offered knowledge of Spellforged Servitor by Vehumet.
  8782 | D:9      | Found Inguabre's Food Emporium.
  8805 | D:9      | Bought a potion of heal wounds for 39 gold pieces
  8805 | D:9      | Bought a potion of curing for 26 gold pieces
  8805 | D:9      | Bought a potion of curing for 26 gold pieces
  8805 | D:9      | Bought a potion of heal wounds for 39 gold pieces
  9091 | D:9      | Found Dizogog's Assorted Antiques.
  9185 | D:9      | Reached skill level 10 in Charms
  9385 | D:9      | Reached skill level 5 in Dodging
  9422 | D:9      | Found Ihois' Weapon Emporium.
  9429 | D:9      | Found Kiovi's Distillery.
  9617 | D:9      | Reached skill level 13 in Conjurations
  9771 | D:10     | Entered Level 10 of the Dungeon
  9783 | D:10     | Reached skill level 1 in Hexes
  9796 | D:10     | Found a staircase to the Orcish Mines.
 10394 | D:10     | Reached XP level 11. HP: 57/57 MP: 19/26
 10876 | D:11     | Got a distressingly furry ring mail
 10877 | D:11     | Identified the +4 ring mail of the Gardener {+Rage Str+2 Int+3} (You found it on level 11 of the Dungeon)
 10910 | D:11     | Found Dyakk's Magic Scroll Emporium.
 10915 | D:11     | Reached skill level 14 in Conjurations
 10922 | D:11     | Found a staircase to the Lair.
 11790 | D:11     | Found Neys' Weapon Shop.
 11894 | D:11     | Found Zaonoal's Armour Emporium.
 12145 | D:11     | Upgraded the game from 0.16-a0-1784-gf5591c9 to 0.16-a0-1794-gf7beed7
 12175 | Lair:1   | Entered Level 1 of the Lair of Beasts
 12837 | Lair:1   | Reached skill level 1 in Armour
 12837 | Lair:1   | Reached skill level 15 in Conjurations
 13595 | Lair:2   | Offered knowledge of Airstrike by Vehumet.
 13824 | Lair:2   | Reached skill level 5 in Spellcasting
 13988 | Lair:2   | Learned a level 5 spell: Force Lance
 14183 | Lair:2   | Noticed Fannar
 14196 | Lair:2   | Killed Fannar
 14454 | Lair:2   | Noticed Erica
 14459 | Lair:2   | Killed Erica
 14459 | Lair:2   | Reached XP level 12. HP: 60/62 MP: 8/29
 15214 | D:4      | Bought the ring of the Mage {Wiz MR++ Int+3} for 517 gold pieces
 15997 | Lair:3   | Noticed Nergalle
 16030 | Lair:3   | Killed from afar by Nergalle

Action                   |  1- 3 |  4- 6 |  7- 9 | 10-12 || total
-------------------------+-------+-------+-------+-------++-------
Melee: Dagger            |     1 |     5 |    17 |     4 ||    27
       Short sword       |       |     1 |       |       ||     1
       Scimitar          |       |       |     6 |    58 ||    64
 Cast: Magic Dart        |    65 |   145 |   229 |   438 ||   877
       Searing Ray       |     2 |     7 |    11 |    12 ||    32
       Iskenderun's Batt |       |     4 |    37 |    64 ||   105
       Dazzling Spray    |       |       |       |     9 ||     9
       Force Lance       |       |       |       |     8 ||     8
       Sticky Flame      |       |       |       |     1 ||     1
Evoke: Wand              |       |       |       |     2 ||     2
  Use: Scroll            |     3 |     9 |     7 |    19 ||    38
 Stab: Sleeping          |     1 |     1 |     3 |       ||     5
       Distracted        |       |     1 |     1 |       ||     2
       Invisible         |       |       |       |     2 ||     2
  Eat: Chunk             |     1 |     4 |     8 |    22 ||    35
       Pizza             |     1 |       |       |     1 ||     2
       Fruit             |       |     5 |     7 |     1 ||    13
       Meat ration       |       |       |     2 |     3 ||     5
       Beef jerky        |       |       |       |     1 ||     1
       Royal jelly       |       |       |       |     4 ||     4
